 Dungeon Sprint DCSS version 0.22.0-16-gc6d26f6 (webtiles) character file.

144 poirepourri the Severer (level 8, -5/99 HPs)
             Began as a Minotaur Fighter on Aug 18, 2018.
             Was an Initiate of Gozag.
             Slain by the 26-headed Lernaean hydra (6 damage)
             ... in the Dungeon (Sprint VI: "Thunderdome").
             The game lasted 00:03:51 (790 turns).

poirepourri the Severer (Minotaur Fighter)           Turns: 790, Time: 00:03:52

Health: -5/99      AC: 11    Str: 36    XL:     8   Next: 3%
Magic:  0/0        EV:  8    Int: 12    God:    Gozag
Gold:   905        SH: 11    Dex: 13    Spells: 7/7 levels left

rFire    + . .     SeeInvis +   a - +0 war axe
rCold    . . .     Gourm    .   c - +0 shield
rNeg     . . .     Faith    .   u - +3 ring mail
rPois    .         Spirit   .   (helmet restricted)
rElec    .         Reflect  .   (no cloak)
rCorr    .         Harm     .   s - +0 pair of gloves of Gusheug {rC+}
MR       .....     NoTele   +   t - +0 pair of boots "Koc Jyti" {*Drain Int+7 SInv} (curse)
Stlth    ..........             p - amulet "Ugrihe Ycwo" {+Rage Str+2 Slay+4 SInv}
HPRegen  0.26/turn              q - ring "Ufipsonu" {Wiz +Inv}
MPRegen  0.07/turn              r - ring "Tyalobaro" {Fire MP-9 Str+9 SInv}

@: mighty, berserking, hasted, very quick
A: retaliatory headbutt, horns 2
a: Potion Petition, Call Merchant, Bribe Branch, Renounce Religion, Evoke
Berserk Rage, Evoke Invisibility


You were in the Dungeon.
You worshipped Gozag.
Gozag was pleased with you.
You were not hungry.

You visited 1 branch You collected 1704 gold pieces.
You spent 799 gold pieces at shops.

Inventory:

Hand Weapons
 a - a +0 war axe (weapon)
Armour
 b - a +0 scale mail
 c - a +0 shield (worn)
 s - the +0 pair of gloves of Gusheug (worn) {rC+}
   (You bought it in a shop in the Dungeon)

   It protects you from cold.
 t - the cursed +0 pair of boots "Koc Jyti" (worn) {*Drain Int+7 SInv}
   (You bought it in a shop in the Dungeon)

   It affects your intelligence (+7).
   It lets you see invisible.
   It causes draining when unequipped.
   It has a curse placed upon it.
 u - a +3 ring mail (worn)
Jewellery
 p - the amulet "Ugrihe Ycwo" (around neck) {+Rage Str+2 Slay+4 SInv}
   (You bought it in a shop in the Dungeon)

   [amulet of rage]

   It affects your strength (+2).
   It affects your accuracy and damage with ranged weapons and melee attacks
   (+4).
   It lets you see invisible.
   It lets you go berserk.
 q - the ring "Ufipsonu" (left hand) {Wiz +Inv}
   (You bought it in a shop in the Dungeon)

   [ring of wizardry]

   It improves your spell success rate.
   It lets you turn invisible.
 r - the ring "Tyalobaro" (right hand) {Fire MP-9 Str+9 SInv}
   (You bought it in a shop in the Dungeon)

   [ring of fire]

   It enhances your fire magic.
   It affects your strength (+9).
   It protects you from fire.
   It makes you vulnerable to cold.
   It affects your magic capacity (-9).
   It lets you see invisible.
Scrolls
 k - 4 scrolls of blinking
 o - 3 scrolls of fog
Potions
 e - a potion of curing
 g - 4 potions of heal wounds
 h - 3 potions of haste
 i - 2 potions of magic
 l - a potion of resistance
Comestibles
 f - a ration


   Skills:
 + Level 4.2 Fighting
 - Level 18.8 Axes
 - Level 4.2 Armour
 - Level 4.2 Shields


You had 7 spell levels left.
You didn't know any spells.
Your spell library was empty.

Dungeon Overview and Level Annotations

Branches:
Dungeon (1/1)

Altars:
Cheibriados
Dithmenos
Fedhas
Gozag
Kikubaaqudgha
Makhleb
Okawaru
Qazlal
Ru
Sif Muna
Trog
Uskayaw
Vehumet
Wu Jian
Xom
Yredelemnul
Zin
The Shining One
Beogh
Jiyva
Lugonu

Shops:
D *[%??*?*:[((!!!!

Annotations:
D Lernaean hydra


Innate Abilities, Weirdness & Mutations

You reflexively headbutt those who attack you in melee.
You have a pair of horns on your head.


Message History

The 26-headed Lernaean hydra bites you. The 26-headed Lernaean hydra bites you!
The 26-headed Lernaean hydra completely misses you.
The 26-headed Lernaean hydra barely misses you.
The 26-headed Lernaean hydra bites you.
The 26-headed Lernaean hydra bites you but does no damage.
The 26-headed Lernaean hydra bites you!
* * * LOW HITPOINT WARNING * * *
The 26-headed Lernaean hydra bites you!
* * * LOW HITPOINT WARNING * * *
The 26-headed Lernaean hydra bites you.
* * * LOW HITPOINT WARNING * * *
The 26-headed Lernaean hydra bites you.
* * * LOW HITPOINT WARNING * * *
The 26-headed Lernaean hydra bites you!
* * * LOW HITPOINT WARNING * * *
The 26-headed Lernaean hydra bites you.
* * * LOW HITPOINT WARNING * * *
The 26-headed Lernaean hydra bites you.
You die...
Your body crumbles into a pile of gold.

##∩.....∩## #∩.......∩#
#_......._# #_........#
#_......._# ###.........###
#⌠...).......⌠#
######.8...[.....8.######
##∩___......###.@.....__∩##
#∩........8.# #.8D.......∩###
[...).......###.............##
.........###...###..........⌠#
.........# #.<.# #..........⌠#
.........###...###..........⌠#
.........)..###)............##
#∩........8.# #.8........∩###
##∩_._......###......___∩##


You could see the 26-headed Lernaean hydra.

Vanquished Creatures
  2 guardian mummies (D)
  Menkaure (D)
  A killer bee (D)
  8 orc priests (D)
  5 worker ants (D)
  2 mummies (D)
  5 oozes (D)
24 creatures vanquished.

Notes
Turn   | Place    | Note
-------+----------+-------------------------------------------
     0 | D        | poirepourri the Minotaur Fighter began the quest for the Orb.
     0 | D        | Reached XP level 1. HP: 19/19 MP: 0/0
     3 | D        | Found an iron altar of Okawaru.
     3 | D        | Found a burning altar of Makhleb.
     4 | D        | Found an opulent altar of Gozag.
     4 | D        | Found a blossoming altar of Fedhas.
     5 | D        | Found a glowing golden altar of the Shining One.
     5 | D        | Found a sacrificial altar of Ru.
     5 | D        | Round 1.
     6 | D        | Found Wibuinlu's Delicious Food.
     6 | D        | Found a shimmering altar of Xom.
     6 | D        | Found Saloqie's Identification Station.
     7 | D        | Found Poybuno's Jewellery.
     7 | D        | Found Kunol's Advanced Armour.
    16 | D        | Bought a sparkling pewter amulet for 45 gold pieces
    16 | D        | Bought a twitching ivory ring for 45 gold pieces
    16 | D        | Bought a scorched jade ring for 45 gold pieces
    16 | D        | Identified the ring "Ufipsonu" {Wiz +Inv} (You bought it in a shop in the Dungeon)
    17 | D        | Identified the ring "Tyalobaro" {Fire MP-9 Str+9 SInv} (You bought it in a shop in the Dungeon)
    18 | D        | Identified the amulet "Ugrihe Ycwo" {+Rage Str+2 Slay+4 SInv} (You bought it in a shop in the Dungeon)
    22 | D        | Became a worshipper of Gozag Ym Sagoz the Greedy
    41 | D        | Found a deep blue altar of Sif Muna.
    45 | D        | Found a basalt altar of Yredelemnul.
    45 | D        | Found a corrupted altar of Lugonu.
    45 | D        | Found Yxkajebut's Premium Goods.
    45 | D        | Found Ufiulonk's Miscellaneous Merchandise.
    46 | D        | Found Olues's Basic Armour.
    51 | D        | Found Butwan's Weapon Rack.
    51 | D        | Found a shadowy altar of Dithmenos.
    51 | D        | Found an ancient bone altar of Kikubaaqudgha.
    51 | D        | Found a roughly hewn altar of Beogh.
    59 | D        | Reached skill level 4 in Axes
    59 | D        | Reached XP level 2. HP: 26/27 MP: 0/1
    70 | D        | Found a stormy altar of Qazlal.
    74 | D        | Found a viscous altar of Jiyva.
    74 | D        | Found a glowing silver altar of Zin.
    74 | D        | Found Fuprur's Do-It-Yourself Clinic.
    74 | D        | Found Awecsar's Bottled Wisdom.
    75 | D        | Found Maeceigho's Distillery.
    80 | D        | Found Itofefom's Distillery.
    80 | D        | Found an ornate altar of the Wu Jian Council.
    80 | D        | Found a bloodstained altar of Trog.
    91 | D        | Found a hide-covered altar of Uskayaw.
    93 | D        | Found a radiant altar of Vehumet.
    93 | D        | Found Ummi's Staff Store.
    93 | D        | Found Jokket's Must-Have Magic.
    94 | D        | Found Semya's Magic Scroll Shop.
    99 | D        | Found Becaxtua's Magic Scroll Shop.
    99 | D        | Found a snail-covered altar of Cheibriados.
   164 | D        | Reached skill level 5 in Axes
   165 | D        | Arena points: 12 (+12) [x2]
   165 | D        | Reached skill level 6 in Axes
   201 | D        | Round 2.
   202 | D        | Noticed a killer bee
   212 | D        | Killed a killer bee
   212 | D        | Reached skill level 8 in Axes
   212 | D        | Reached XP level 3. HP: 19/33 MP: 0/2
   212 | D        | Reached XP level 4. HP: 24/40 MP: 0/3
   226 | D        | Reached skill level 9 in Axes
   244 | D        | Reached skill level 10 in Axes
   274 | D        | Reached skill level 11 in Axes
   274 | D        | Reached XP level 5. HP: 27/46 MP: 0/4
   286 | D        | Reached skill level 12 in Axes
   323 | D        | Arena points: 54 (+42) [x3]
   344 | D        | Round 3.
   355 | D        | Bought a pair of steaming gloves for 332 gold pieces
   360 | D        | Identified the +0 pair of gloves of Gusheug {rC+} (You bought it in a shop in the Dungeon)
   360 | D        | Bought a pair of ichor-stained boots for 332 gold pieces
   365 | D        | Identified the cursed +0 pair of boots "Koc Jyti" {*Drain Int+7 SInv} (You bought it in a shop in the Dungeon)
   375 | D        | Noticed Menkaure
   380 | D        | Killed Menkaure
   380 | D        | Reached skill level 14 in Axes
   380 | D        | Reached XP level 6. HP: 36/52 MP: 0/5
   396 | D        | Noticed a guardian mummy
   409 | D        | Killed a guardian mummy
   409 | D        | Reached skill level 16 in Axes
   409 | D        | Reached XP level 7. HP: 33/59 MP: 0/6
   419 | D        | Noticed a guardian mummy
   431 | D        | Killed a guardian mummy
   431 | D        | Reached skill level 18 in Axes
   529 | D        | Arena points: 72 (+18) [x1]
   544 | D        | Round 4.
   700 | D        | Reached XP level 8. HP: 65/66 MP: 0/7
   724 | D        | Arena points: 144 (+72) [x2]
   745 | D        | Round 5.
   746 | D        | Noticed the 27-headed Lernaean hydra
   790 | D        | HP: 3/99 [the 26-headed Lernaean hydra (7)]
   790 | D        | HP: 1/99 [the 26-headed Lernaean hydra (2)]
   790 | D        | Slain by the 26-headed Lernaean hydra

Skill      XL: |  1  2  3  4  5  6  7 |
---------------+----------------------+-----
Fighting       | 4 |  4.2
Armour         | 4 |  4.2
Shields        | 4 |  4.2
Axes           | 4 8 11 14 16 18 | 18.8

Action                   |  1- 3 |  4- 6 |  7- 9 || total
-------------------------+-------+-------+-------++-------
Melee: War axe           |    14 |    19 |    22 ||    55
       Headbutt          |       |     7 |     5 ||    12
Invok: Potion Petition   |       |     1 |       ||     1
Evoke: Wand              |       |       |    10 ||    10
  Use: Potion            |       |       |     3 ||     3
Armor: Scale mail        |    11 |     1 |       ||    12
       Ring mail         |       |       |    10 ||    10
Dodge: Dodged            |     4 |     3 |     9 ||    16
Block: Shield            |     7 |     6 |    11 ||    24
